SAA
PROVIDENCE PILGRIMS @ LANCASTER FARMERS
06/26/2042
 
TOP OF THE 1ST
Providence Pilgrims batting - Pitching for Lancaster Farmers : RHP Tony De Jesús
Pitching: RHP Tony De Jesús
Batting: LHB David Davis 0-0: Ball
1-0: Foul Ball, location: 2F
1-1: Foul Ball, location: 2F
1-2: Strikes out swinging, 2-3 out at first.
Batting: LHB César Valtez 0-0: SINGLE (Groundball, 4, EV 101.2 MPH) (infield hit)
Batting: RHB Ramón Gabriel 0-0: Ball
1-0: Called Strike
1-1: Ball
2-1: Ball
3-1: Swinging Strike
3-2: Ground out 1-3 (Groundball, 15S, EV 70.6 MPH)
César Valtez to second
Batting: RHB Gabriel Méndez 0-0: Called Strike
0-1: Swinging Strike
0-2: Foul Ball, location: 2F
0-2: Foul Ball, location: 2F
0-2: Ball
1-2: Foul Ball, location: 2F
1-2: Strikes out looking
Top of the 1st over - 0 runs, 1 hit, 0 errors, 1 left on base; Providence 0 - Lancaster 0
BOTTOM OF THE 1ST
Lancaster Farmers batting - Pitching for Providence Pilgrims : RHP John St. John
Pitching: RHP John St. John
Batting: LHB Conrad Overdevest 0-0: Ball
1-0: Ground out U3 (Groundball, 34, EV 81.2 MPH)
Batting: RHB Archie Pittman 0-0: Ball
1-0: Ground out 6-3 (Groundball, 6, EV 108.8 MPH)
Batting: LHB Robert Shannon 0-0: Called Strike
0-1: Ball
1-1: Swinging Strike
1-2: Ball
2-2: Foul Ball, location: 2F
2-2: Ball
3-2: Fly out, F7 (Line Drive, 7, EV 86.2 MPH)
Bottom of the 1st over - 0 runs, 0 hits, 0 errors, 0 left on base; Providence 0 - Lancaster 0
TOP OF THE 2ND
Providence Pilgrims batting - Pitching for Lancaster Farmers : RHP Tony De Jesús
Batting: RHB Chris Hall 0-0: Fly out, F8 (Flyball, 78D, EV 108.1 MPH)
Batting: RHB Carlos González 0-0: Swinging Strike
0-1: Foul Ball, location: 2F
0-2: Foul Ball, location: 2F
0-2: Fly out, F1 (Line Drive, P, EV 65.6 MPH)
Batting: RHB Allen Kelley 0-0: Ball
1-0: Called Strike
1-1: Ball
2-1: Ball
3-1: Foul Ball, location: 2F
3-2: Strikes out swinging
Top of the 2nd over - 0 runs, 0 hits, 0 errors, 0 left on base; Providence 0 - Lancaster 0
BOTTOM OF THE 2ND
Lancaster Farmers batting - Pitching for Providence Pilgrims : RHP John St. John
Batting: LHB Alex Joly 0-0: Foul Ball, location: 2F
0-1: Called Strike
0-2: DOUBLE (Line Drive, 89D, EV 106.9 MPH)
Batting: RHB Gonzalo Perales 0-0: Ball
1-0: Foul Ball, location: 2F
1-1: Fly out, F8 (Flyball, 8RM, EV 90.0 MPH)
Batting: RHB António Andrés 0-0: SINGLE (Line Drive, 5D, EV 97.5 MPH)
Alex Joly to third
Batting: RHB Nick O'Quigley 0-0: Ball
1-0: SINGLE (Line Drive, 78S, EV 93.1 MPH)
Alex Joly scores
António Andrés to second
Batting: RHB Fabrice Boyer 0-0: Ball
1-0: Ball
2-0: Called Strike
2-1: Ball
3-1: Fly out, F9 (Flyball, 89D, EV 87.5 MPH)
Batting: RHB Tim Smith 0-0: Fly out, F5 (Flyball, 5D, EV 80.0 MPH)
Bottom of the 2nd over - 1 run, 3 hits, 0 errors, 2 left on base; Providence 0 - Lancaster 1
TOP OF THE 3RD
Providence Pilgrims batting - Pitching for Lancaster Farmers : RHP Tony De Jesús
Batting: RHB Gilberto Ortíz 0-0: Ball
1-0: Ball
2-0: Swinging Strike
2-1: Ground out 5-3 (Groundball, 56, EV 99.4 MPH)
Batting: RHB Jesse McCoy 0-0: Ball
1-0: Ball
2-0: Ball
3-0: Base on Balls
Batting: LHB David Davis 0-0: Fly out, F1 (Line Drive, P, EV 66.9 MPH)
Batting: LHB César Valtez 0-0: Foul Ball, location: 2F
0-1: Foul Ball, location: 2F
0-2: Ball
1-2: Ball
2-2: SINGLE (Line Drive, 4MD, EV 94.4 MPH)
Jesse McCoy to second
Batting: RHB Ramón Gabriel 0-0: Called Strike
0-1: Swinging Strike
0-2: Strikes out swinging
Top of the 3rd over - 0 runs, 1 hit, 0 errors, 2 left on base; Providence 0 - Lancaster 1
BOTTOM OF THE 3RD
Lancaster Farmers batting - Pitching for Providence Pilgrims : RHP John St. John
Batting: LHB Conrad Overdevest 0-0: Called Strike
0-1: Fly out, F5 (Line Drive, 5, EV 75.6 MPH)
Batting: RHB Archie Pittman 0-0: Called Strike
0-1: Foul Ball, location: 2F
0-2: Ball
1-2: Ball
2-2: Strikes out looking
Batting: LHB Robert Shannon 0-0: Hit by Pitch
Batting: LHB Alex Joly 0-0: Ball
1-0: DOUBLE (Groundball, 5L, EV 102.5 MPH)
Robert Shannon to third
Batting: RHB Gonzalo Perales 0-0: Ball
1-0: Foul Ball, location: 2F
1-1: SINGLE (Groundball, 6MD, EV 105.6 MPH)
Robert Shannon scores
Alex Joly to third
Runner from 3rd tries for Home, SAFE, no throw by CF
Batting: RHB António Andrés 0-0: Fielders Choice at 2nd, 5-4 (Groundball, 56, EV 82.5 MPH)
Bottom of the 3rd over - 2 runs, 2 hits, 0 errors, 1 left on base; Providence 0 - Lancaster 3
TOP OF THE 4TH
Providence Pilgrims batting - Pitching for Lancaster Farmers : RHP Tony De Jesús
Batting: RHB Gabriel Méndez 0-0: Ball
1-0: Ball
2-0: Ball
3-0: Base on Balls
Batting: RHB Chris Hall 0-0: Fly out, F9 (Flyball, 9S, EV 80.6 MPH)
Batting: RHB Carlos González 0-0: Ball
1-0: Fly out, F9 (Flyball, 89S, EV 93.8 MPH)
Batting: RHB Allen Kelley 0-0: Foul Ball, location: 2F
0-1: Swinging Strike
0-2: Strikes out looking
Top of the 4th over - 0 runs, 0 hits, 0 errors, 1 left on base; Providence 0 - Lancaster 3
BOTTOM OF THE 4TH
Lancaster Farmers batting - Pitching for Providence Pilgrims : RHP John St. John
Batting: RHB Nick O'Quigley 0-0: Fly out, F7 (Line Drive, 7, EV 99.4 MPH)
Batting: RHB Fabrice Boyer 0-0: Foul Ball, location: 2F
0-1: Ball
1-1: Ball
2-1: SINGLE (Groundball, 56D, EV 99.4 MPH)
Batting: RHB Tim Smith 0-0: Ball
1-0: Called Strike
1-1: Reached on error, E5 (Groundball, 56, EV 106.9 MPH)
Fabrice Boyer to second
Batting: LHB Conrad Overdevest 0-0: Called Strike
0-1: Ball
1-1: Grounds into double play, 4-6-3 (Groundball, 4, EV 96.2 MPH)
Bottom of the 4th over - 0 runs, 1 hit, 1 error, 1 left on base; Providence 0 - Lancaster 3
TOP OF THE 5TH
Providence Pilgrims batting - Pitching for Lancaster Farmers : RHP Tony De Jesús
Batting: RHB Gilberto Ortíz 0-0: Called Strike
0-1: Ball
1-1: SINGLE (Groundball, 34D, EV 105.0 MPH)
Batting: RHB Jesse McCoy 0-0: Ball
1-0: Swinging Strike
1-1: Foul Ball, location: 2F
1-2: Grounds into double play, 6-4-3 (Groundball, 6, EV 88.1 MPH)
Batting: LHB David Davis 0-0: Ball
1-0: Foul Ball, location: 2F
1-1: Foul Ball, location: 2F
1-2: Ground out 6-3 (Groundball, 6M, EV 86.2 MPH)
Top of the 5th over - 0 runs, 1 hit, 0 errors, 0 left on base; Providence 0 - Lancaster 3
BOTTOM OF THE 5TH
Lancaster Farmers batting - Pitching for Providence Pilgrims : RHP John St. John
Batting: RHB Archie Pittman 0-0: Called Strike
0-1: Ball
1-1: Swinging Strike
1-2: Fly out, F8 (Flyball, 8LM, EV 94.4 MPH)
Batting: LHB Robert Shannon 0-0: Called Strike
0-1: DOUBLE (Line Drive, 9LM, EV 106.9 MPH)
Batting: LHB Alex Joly 0-0: Ball
1-0: Ground out 5-3 (Groundball, 5, EV 88.8 MPH)
Batting: RHB Gonzalo Perales 0-0: Called Strike
0-1: Ball
1-1: Foul Ball, location: 2F
1-2: Fly out, F6 (Line Drive, 6, EV 73.1 MPH)
Bottom of the 5th over - 0 runs, 1 hit, 0 errors, 1 left on base; Providence 0 - Lancaster 3
TOP OF THE 6TH
Providence Pilgrims batting - Pitching for Lancaster Farmers : RHP Tony De Jesús
Batting: LHB César Valtez 0-0: Foul Ball, location: 2F
0-1: Swinging Strike
0-2: Foul Ball, location: 2F
0-2: Ball
1-2: Foul Ball, location: 2F
1-2: Strikes out swinging
Batting: RHB Ramón Gabriel 0-0: Foul Ball, location: 2F
0-1: Ball
1-1: Foul Ball, location: 2F
1-2: Foul Ball, location: 2F
1-2: Foul Ball, location: 2F
1-2: SINGLE (Groundball, 34S, EV 87.5 MPH) (infield hit)
Batting: RHB Gabriel Méndez 0-0: Called Strike
0-1: Ground out 6-3 (Groundball, 6S, EV 73.1 MPH)
Ramón Gabriel to second
Batting: RHB Chris Hall 0-0: Ground out 4-3 (Groundball, 4, EV 85.0 MPH)
Top of the 6th over - 0 runs, 1 hit, 0 errors, 1 left on base; Providence 0 - Lancaster 3
BOTTOM OF THE 6TH
Lancaster Farmers batting - Pitching for Providence Pilgrims : RHP John St. John
Batting: RHB António Andrés 0-0: Swinging Strike
0-1: Ball
1-1: Ground out 6-3 (Groundball, 6, EV 98.1 MPH)
Batting: RHB Nick O'Quigley 0-0: Swinging Strike
0-1: Foul Ball, location: 2F
0-2: Ball
1-2: Ground out 6-3 (Groundball, 6, EV 86.2 MPH)
Batting: RHB Fabrice Boyer 0-0: Ground out 6-3 (Groundball, 6, EV 101.2 MPH)
Bottom of the 6th over - 0 runs, 0 hits, 0 errors, 0 left on base; Providence 0 - Lancaster 3
TOP OF THE 7TH
Providence Pilgrims batting - Pitching for Lancaster Farmers : RHP Tony De Jesús
Batting: RHB Carlos González 0-0: Ball
1-0: Ball
2-0: Called Strike
2-1: Called Strike
2-2: Fly out, F4 (Popup, 34S, EV 64.4 MPH)
Batting: RHB Allen Kelley 0-0: Ball
1-0: Foul Ball, location: 2F
1-1: Ball
2-1: Ball
3-1: Called Strike
3-2: Ground out 1-3 (Groundball, 13S, EV 71.2 MPH)
Batting: RHB Gilberto Ortíz 0-0: Ball
1-0: Called Strike
1-1: Ball
2-1: Ball
3-1: Foul Ball, location: 2F
3-2: Ground out 6-3 (Groundball, 6, EV 104.4 MPH)
Top of the 7th over - 0 runs, 0 hits, 0 errors, 0 left on base; Providence 0 - Lancaster 3
BOTTOM OF THE 7TH
Lancaster Farmers batting - Pitching for Providence Pilgrims : RHP John St. John
Batting: RHB Tim Smith 0-0: Ball
1-0: Foul Ball, location: 2F
1-1: Foul Ball, location: 2F
1-2: DOUBLE (Flyball, 89D, EV 108.8 MPH)
Batting: LHB Conrad Overdevest 0-0: Ball
1-0: Ball
2-0: Foul Ball, location: 2F
2-1: Ground out 4-3 (Groundball, 4, EV 84.4 MPH)
Tim Smith to third
Batting: RHB Archie Pittman 0-0: Called Strike
0-1: Foul Ball, location: 2F
0-2: Ball
1-2: SINGLE (Line Drive, 8LS, EV 101.2 MPH)
Tim Smith scores
Batting: LHB Robert Shannon 0-0: Fly out, F7 (Flyball, 7, EV 91.2 MPH)
Batting: LHB Alex Joly 0-0: Ball
1-0: Foul Ball, location: 2F
1-1: Fly out, F8 (Flyball, 8LD, EV 95.0 MPH)
Bottom of the 7th over - 1 run, 2 hits, 0 errors, 1 left on base; Providence 0 - Lancaster 4
TOP OF THE 8TH
Providence Pilgrims batting - Pitching for Lancaster Farmers : RHP Tony De Jesús
Batting: RHB Jesse McCoy 0-0: Ball
1-0: SINGLE (Line Drive, 4MD, EV 100.6 MPH)
Pitching: LHP Virgil Cook
Batting: LHB David Davis 0-0: Called Strike
0-1: Swinging Strike
0-2: Strikes out swinging
Batting: LHB César Valtez 0-0: Ball
1-0: Called Strike
1-1: Foul Ball, location: 2F
1-2: Foul Ball, location: 2F
1-2: SINGLE (Groundball, 34D, EV 112.5 MPH)
Jesse McCoy to second
Runner from 2nd tries for 3rd, SAFE, throw by RF made to third
Batting: RHB Ramón Gabriel 0-0: Ball
1-0: Ball
2-0: Called Strike
2-1: Grounds into double play, 6-4-3 (Groundball, 6, EV 98.1 MPH)
Top of the 8th over - 0 runs, 2 hits, 0 errors, 1 left on base; Providence 0 - Lancaster 4
BOTTOM OF THE 8TH
Lancaster Farmers batting - Pitching for Providence Pilgrims : RHP John St. John
Batting: RHB Gonzalo Perales 0-0: Ball
1-0: Swinging Strike
1-1: Called Strike
1-2: Ball
2-2: Fly out, F7 (Flyball, 7LS, EV 74.4 MPH)
Batting: RHB António Andrés 0-0: Ball
1-0: Foul Ball, location: 2F
1-1: Ball
2-1: Called Strike
2-2: Ball
3-2: Foul Ball, location: 2F
3-2: Fly out, F8 (Line Drive, 8LM, EV 105.6 MPH)
Batting: RHB Nick O'Quigley 0-0: Ball
1-0: Ball
2-0: Called Strike
2-1: Foul Ball, location: 2F
2-2: Strikes out looking
Bottom of the 8th over - 0 runs, 0 hits, 0 errors, 0 left on base; Providence 0 - Lancaster 4
TOP OF THE 9TH
Providence Pilgrims batting - Pitching for Lancaster Farmers : LHP Virgil Cook
Batting: RHB Gabriel Méndez 0-0: SINGLE (Line Drive, 4D, EV 105.0 MPH)
Batting: RHB Chris Hall 0-0: Hit by Pitch
Gabriel Méndez to second
Pitching: RHP Casey Ball
Batting: RHB Carlos González 0-0: Ball
1-0: Ball
2-0: Ball
3-0: Base on Balls
Gabriel Méndez to third
Chris Hall to second
Batting: RHB Allen Kelley 0-0: Foul Ball, location: 2F
0-1: Foul Ball, location: 2F
0-2: Ball
1-2: Foul Ball, location: 2F
1-2: Foul Ball, location: 2F
1-2: Ball
2-2: Foul Ball, location: 2F
2-2: Strikes out swinging
Batting: RHB Gilberto Ortíz 0-0: Fly out, F3 (Popup, 23F, EV 86.2 MPH)
Pinch Hitting: RHB Barend Huijbregts 0-0: Called Strike
0-1: Swinging Strike
0-2: Foul Ball, location: 2F
0-2: Foul Ball, location: 2F
0-2: Fly out, F9 (Flyball, 9, EV 90.0 MPH)
Top of the 9th over - 0 runs, 1 hit, 0 errors, 3 left on base; Providence 0 - Lancaster 4
Friday, March 26th, 2021 - OOTP Baseball 20.8 Build 74